 Dungeon Crawl Stone Soup version 0.31-a0-1202-ga8fea8b373 (webtiles) character file.

Game seed: 15075495634885008975

5499 trollop the Grappler (level 10, -9/96 HPs)
             Began as a Troll Fighter on Dec 12, 2023.
             Mangled by an orc warrior
             ... wielding a +0 halberd
              (16 damage)
             ... on level 9 of the Dungeon.
             The game lasted 00:34:40 (6219 turns).

trollop the Grappler (Troll Fighter)                Turns: 6219, Time: 00:34:41

Health: -9/96      AC:  5    Str: 28    XL:     10   Next: 42%
Magic:  9/9        EV: 11    Int:  6    God:
Gold:   345        SH:  0    Dex:  9    Spells: 9/9 levels left

rFire   + +          .
                       - Unarmed
rCold   + + .        (no shield)
rNeg    . . .        y - +1 robe {rC+ rF+}
rPois   .            (helmet restricted)
rElec   .            A - scarf {rC+ rF+}
rCorr   .            (gloves unavailable)
SInv    .            (boots unavailable)
Will    .....        (no amulet)
Stlth   ++           (no ring)
HPRegen 1.16/turn    (no ring)
MPRegen 0.11/turn

%: no passive effects
@: mighty
A: large, unfitting armour, claws 3, regeneration 1, shaggy fur 1, tough skin 1
a: no special abilities


You were on level 9 of the Dungeon.
You visited 2 branches of the dungeon, and saw 10 of its levels.
You also visited: Sewer.

You collected 345 gold pieces.

Inventory:

Hand Weapons
 a - a +3 great sword of freezing
 v - a +6 dagger of venom
 z - a +5 long sword
Missiles
 f - 85 stones
 k - 7 boomerangs
 r - 26 poisoned darts
 x - a curare-tipped dart
Armour
 b - a +1 kite shield
 y - a +1 robe of resistance (worn)
 A - a scarf of resistance (worn)
Jewellery
 h - an amulet of magic regeneration
Wands
 d - a wand of polymorph (14)
 u - a wand of paralysis (3)
Scrolls
 g - 2 scrolls of fog
 i - 2 scrolls of blinking
 m - 3 scrolls of teleportation
 n - a scroll of summoning
 B - a scroll of enchant weapon
 C - 2 scrolls of revelation
Potions
 e - 4 potions of enlightenment
 j - 2 potions of brilliance
 l - a potion of ambrosia
 o - 2 potions of mutation
 p - 2 potions of degeneration {unknown}
 q - a potion of berserk rage
 s - a potion of invisibility
 t - 4 potions of attraction
 w - 2 potions of curing
 D - a potion of resistance {unknown}


   Skills:
 * Level 5.3 Fighting
 * Level 2.5 Armour
 * Level 6.5 Dodging
 - Level 2.0 Stealth
 + Level 2.8 Shields
 * Level 11.7 Unarmed Combat


You had 9 spell levels left.
You didn't know any spells.
Your spell library contained the following spells:

 Spells                   Type           Power      Damage    Failure   Level
 Wereblood                Tmut           0%         N/A       58%         2
 Ozocubu's Armour         Ice            0%         N/A       83%         3
 Cause Fear               Hex            0%         N/A       99%         4
 Fireball                 Conj/Fire      0%         3d3       100%        5
 Irradiate                Conj/Tmut      0%         3d11      100%        5
 Ozocubu's Refrigeration  Ice            0%         4d7       100%        7
 Dragon's Call            Summ           0%         N/A       100%        9


Dungeon Overview and Level Annotations

Branches:
Dungeon (9/15)             Temple (1/1) D:6           Sewer (visited)
   Lair: D:8-11         Orc: D:9-12

Altars:
Ashenzari
Cheibriados
Elyvilon
Fedhas
Hepliaklqana
Kikubaaqudgha
Makhleb
Nemelex Xobeh
Okawaru
Qazlal
Ru
Sif Muna
Trog
Uskayaw
Vehumet
Wu Jian
Xom
Yredelemnul
Zin
The Shining One

Portals:
Bailey: D:9

Annotations:
D:6 Pikel


Innate Abilities, Weirdness & Mutations

You are too large for most types of armour.
You have claws for hands.
Your natural rate of healing is unusually fast.
You are covered in fur. (AC +1)
You have tough skin. (AC +1)


Message History

The yak is severely wounded.
The goblin hits you but does no damage.
You claw the yak!
The yak is almost dead.
The yak gores you.
* * * LOW HITPOINT WARNING * * *
The goblin barely misses you.
You claw the yak!
You kill the yak!
The centaur shoots an arrow.
The arrow hits you.
* * * LOW HITPOINT WARNING * * *
You feel very mighty all of a sudden. The goblin misses you.
The centaur shoots an arrow.
The arrow hits you.
* * * LOW HITPOINT WARNING * * *
The centaur unwields a +0 shortbow.
The centaur misses you. The centaur barely misses you.
The goblin hits you but does no damage.
Items here: ) [ †††.
You barely miss the centaur.
The centaur hits you but does no damage.
The centaur kicks you.
* * * LOW HITPOINT WARNING * * *
The goblin barely misses you. The centaur misses you.
The centaur kicks you but does no damage.
You claw the goblin!
You kill the goblin!
The centaur barely misses you. The centaur kicks you.
* * * LOW HITPOINT WARNING * * *
You mangle the centaur!!
You kill the centaur!
The goblin hits you with a +0 spear.
* * * LOW HITPOINT WARNING * * *
You claw the goblin!
You kill the goblin!
You barely miss the yak. Your claw misses the yak.
The orc warrior barely misses you.
Items here: ) [[ ††.
You claw the yak!
The yak is moderately wounded.
The orc warrior hits you from afar with a +0 halberd!
You die...

.## ##.# # ..# #.## #
####..# #>.# # .......
##.# # ....... ###'###
### ≈≈≈≈..g### #.....#
#.. .>.≈ggYoY# #.....#
#.. .∩.≈...#Y# #.....#
#..
.o.≈...#@###.....######..
≈g≈≈Y..#...#.....+....'..
.Y..o..###.#.....######.<
Y.Y.... #.'.....# #..
.oY.... ###.)...# #..
o.Y.... #.....# #.. '
#....## #.. ##+#...# #..
..##..#####


You could see 2 yaks, an orc warrior and a goblin.

Vanquished Creatures
  An ugly thing (D:7)
  A troll (D:7)
  Grinder (D:4)
  4 yaks (D:9)
  Grum (D:9)
  3 steam dragons
  An acid dragon (D:9)
  A water moccasin (D:8)
  2 orc warriors
  4 wolves (D:9)
  3 centaurs
  An ogre (D:5)
  4 phantoms (D:4)
  4 kobold brigands
  2 bullfrogs
  A gnoll sergeant (D:8)
  A scorpion (D:6)
  2 water moccasin zombies (D:4)
  6 wights
  A howler monkey (D:7)
  6 orc priests
  3 hounds
  2 jellies (D:5)
  2 sleepcaps (D:6)
  A scorpion zombie (D:4)
  Ijyb (D:5)
  6 iguanas
  7 orc wizards
  2 hound zombies (D:4)
  A hound skeleton (D:4)
  A howler monkey zombie (D:4)
  Robin (D:3)
  10 gnolls
  15 adders
  A river rat (D:6)
  A shadow imp (D:6)
  A white imp (D:5)
  2 ufetubi (D:7)
  3 adder zombies (D:4)
  An adder skeleton (D:4)
  2 worms
  3 dart slugs
  27 orcs
  8 ball pythons
  7 endoplasms
  4 giant cockroaches
  18 goblins
  10 hobgoblins
  12 jackals
  3 quokkas
  5 bats
  5 frilled lizards
  22 kobolds
  11 rats
248 creatures vanquished.

Vanquished Creatures (others)
  An orc wizard (D:2)
1 creature vanquished.

Grand Total: 249 creatures vanquished

Notes
Turn   | Place    | Note
-------+----------+-------------------------------------------
     0 | D:1      | trollop the Troll Fighter began the quest for the Orb.
     0 | D:1      | Reached XP level 1. HP: 22/22 MP: 0/0
   133 | D:1      | Reached XP level 2. HP: 25/29 MP: 1/1
   384 | D:1      | Reached XP level 3. HP: 34/36 MP: 2/2
   833 | D:2      | Reached XP level 4. HP: 45/45 MP: 3/3
   918 | D:2      | Found a glowing silver altar of Zin.
   990 | D:2      | Reached skill level 3 in Unarmed Combat
  1341 | D:2      | Reached XP level 5. HP: 52/53 MP: 4/4
  1352 | D:3      | Reached skill level 4 in Unarmed Combat
  1355 | D:3      | Found a radiant altar of Vehumet.
  1402 | D:3      | Found a shimmering altar of Xom.
  1627 | D:3      | Noticed Robin
  1658 | D:3      | Killed Robin
  2051 | D:4      | Noticed Grinder
  2054 | D:4      | Reached XP level 6. HP: 60/61 MP: 5/5
  2065 | D:4      | Paralysed by Grinder for 5 turns
  2080 | D:4      | Killed Grinder
  2081 | D:4      | Reached skill level 1 in Stealth
  2081 | D:4      | Reached skill level 5 in Unarmed Combat
  2086 | D:4      | Reached XP level 7. HP: 67/67 MP: 6/6
  2239 | D:4      | Reached skill level 6 in Unarmed Combat
  2455 | D:4      | Reached skill level 7 in Unarmed Combat
  2500 | D:4      | Reached XP level 8. HP: 60/78 MP: 7/7
  2861 | D:4      | Found a white marble altar of Elyvilon.
  3068 | D:5      | Entered Level 5 of the Dungeon
  3213 | D:5      | Found a sparkling altar of Nemelex Xobeh.
  3302 | D:5      | Noticed Ijyb
  3311 | D:5      | Killed Ijyb
  3405 | D:5      | Found a shimmering blue altar of Sif Muna.
  3482 | D:5      | Reached skill level 8 in Unarmed Combat
  3817 | D:6      | Found the +1 Delatra's gloves {ID++}
  3823 | D:6      | Found a glowing drain.
  3831 | Sewer    | Entered a sewer
  3921 | Sewer    | Found a white marble altar of Elyvilon.
  4065 | D:6      | Found a staircase to the Ecumenical Temple.
  4078 | D:6      | Noticed Pikel
  4164 | Temple   | Entered the Ecumenical Temple
  4202 | D:6      | Reached skill level 9 in Unarmed Combat
  4227 | D:6      | Reached XP level 9. HP: 85/85 MP: 8/8
  4368 | D:7      | Noticed a troll
  4376 | D:7      | Killed a troll
  4377 | D:7      | Reached skill level 5 in Dodging
  4528 | D:7      | Noticed a red ugly thing
  4535 | D:7      | Killed a red ugly thing
  4564 | D:7      | Reached skill level 1 in Armour
  4578 | D:7      | Reached skill level 10 in Unarmed Combat
  5040 | D:7      | Reached skill level 5 in Fighting
  5095 | D:7      | Found an ancient bone altar of Kikubaaqudgha.
  5100 | D:7      | Found a hide-covered altar of Uskayaw.
  5482 | D:8      | Found a blossoming altar of Fedhas.
  5554 | D:8      | HP: 4/88 [gnoll/+0 club[a gnoll sergeant] (6)]
  5728 | D:8      | Found an ornate altar of the Wu Jian Council.
  5736 | D:8      | Reached XP level 10. HP: 81/96 MP: 9/9
  5784 | D:8      | Reached skill level 11 in Unarmed Combat
  5861 | D:8      | Found an iron altar of Okawaru.
  5863 | D:8      | Found a sacrificial altar of Ru.
  5863 | D:8      | Found a bloodstained altar of Trog.
  6018 | D:9      | Noticed Grum
  6032 | D:9      | Killed Grum
  6046 | D:9      | HP: 3/96 [wolf[Grum] (6)]
  6178 | D:9      | Found a flagged portal.
  6211 | D:9      | HP: 4/96 [centaur/arrow (6)]
  6219 | D:9      | Mangled by an orc warrior

Illustrated notes

Levels and vault maps discovered:
D:1:      co_arrival_square_in_a_square_in_a_square, layout_basic, minivault_5,
          minivault_26
D:2:      layout_loops_ring, basic_altar
D:3:      layout_loops_cross, lemuel_crystal_altar,
          lemuel_coloured_pillars_altar, uniq_robin
D:4:      layout_loops_cross, nicolae_elyvilon_temple_path, serial_undead,
          serial_undead_b, serial_undead_f, serial_undead_a, serial_undead_e,
          serial_undead_f, serial_undead_f, serial_undead_b, serial_undead_a,
          serial_undead_c, serial_undead_a, uniq_grinder
D:5:      layout_cave_pools, nicolae_overflow_crystal_walls,
          kennysheep_mini_moat, minmay_misc_feat_iff, uniq_ijyb
D:6:      kennysheep_kobold_camp, layout_gridville, temple_pool_b,
          cheibrodos_sewer_entry_sluice, grunt_ministairs_11, minmay_between,
          uniq_pikel
D:7:      layout_layer_cave, mainiacjoe_overflow_big_doors
D:8:      layout_basic, fedhas_bush_and_centaur_altar,
          mainiacjoe_overflow_alcove_3
D:9:      layout_roguey, grunt_dithmenos_shadows, mainiacjoe_overflow_alcove_2,
          david_lair_shrubbed, enter_bailey_5, grunt_decor_clamped,
          small_statue_intersection, abandoned_shop, lightli_orcish_oven,
          uniq_grum, uniq_maurice
Temple:   hellmonk_temple_forest_ring

Skill      XL: |  1  2  3  4  5  6  7  8  9 10 |
---------------+-------------------------------+-----
Fighting       | 3 4 5 |  5.3
Dodging        | 3 4 6 |  6.5
Unarmed Combat | 3 4 5 7 9 10 11 | 11.7
Stealth        | 1 2 |  2.0
Armour         | 1 2 |  2.5
Shields        | |  2.8

Action                     |  1- 3 |  4- 6 |  7- 9 | 10-12 || total
---------------------------+-------+-------+-------+-------++-------
  Melee: Unarmed           |    99 |   126 |   395 |    91 ||   711
         Punch             |       |     3 |    23 |     4 ||    30
    Use: Scroll            |     3 |     8 |     8 |       ||    19
         Potion            |       |       |     2 |     2 ||     4
   Stab: Sleeping          |       |       |     1 |       ||     1
 Armour: Robe              |    42 |    79 |   304 |    72 ||   497
         Skin              |       |    10 |       |       ||    10
  Dodge: Dodged            |    50 |    65 |   183 |    40 ||   338

Table legend: (Time is in decaauts)
 A = Elapsed time spent in this place.
 B = Non-inter-level travel time spent in this place.
 C = Inter-level travel time spent in this place.
 D = Time resting spent in this place.
 E = Time spent auto-exploring this place.
 F = Levels seen in this place.
 G = Mean time per level.
                   A        B        C        D        E       F      G
               +--------+--------+--------+--------+--------+-----+--------+
         Total |   6124 |   4882 |   1242 |    140 |   1287 |  11 |  556.7 |
       Dungeon |   5910 |   4684 |   1226 |    140 |   1287 |   9 |  656.7 |
        Temple |     17 |      1 |     16 |      0 |      0 |   1 |   17.0 |
         Sewer |    195 |    195 |      0 |      0 |      0 |   1 |  195.0 |
               +--------+--------+--------+--------+--------+-----+--------+

Top non-repeatable levels by time:
     D:7: 1076 daAuts
     D:4: 1003 daAuts
     D:2: 791 daAuts
     D:3: 728 daAuts
     D:5: 589 daAuts
     D:8: 525 daAuts
     D:1: 517 daAuts
     D:6: 415 daAuts
     D:9: 263 daAuts
   Sewer: 195 daAuts
  Temple: 17 daAuts
